 Dungeon Crawl Stone Soup version 0.19-a0-957-gf4ea323 (webtiles) character file.

270 mistymad the Shield-Bearer (level 6, -8/39 HPs)
             Began as a Gargoyle Fighter on July 11, 2016.
             Mangled by an ogre
             ... wielding a +0 giant club
              (15 damage)
             ... on level 3 of the Dungeon.
             The game lasted 00:03:33 (2428 turns).

mistymad the Shield-Bearer (Gargoyle Fighter)       Turns: 2428, Time: 00:03:33

Health: -8/39      AC: 14    Str: 20    XL:     6   Next: 22%
Magic:  6/6        EV:  7    Int:  8    God:
Gold:   207        SH:  9    Dex: 11    Spells: 0 memorised, 5 levels left

rFire  . . .     SeeInvis .     a - +0 flail
rCold  . . .     Gourm    .     b - +0 scale mail
rNeg   + . .     Faith    .     c - +0 shield
rPois  ∞         Spirit   .     u - +0 helmet (curse)
rElec  +         Dismiss  .     (no cloak)
rCorr  .         Reflect  .     t - +0 pair of gloves
SustAt .         Harm     .     (no boots)
MR     .....                    (no amulet)
Stlth  ..........               (no ring)
                                (no ring)

@: not resistant to hostile enchantments, extremely unstealthy
A: negative energy resistance 1, electricity resistance, unbreathing,
petrification resistance, rot immunity, AC +4
a: no special abilities


You were on level 3 of the Dungeon.
You were very hungry.

You visited 1 branch of the dungeon, and saw 4 of its levels.

You collected 207 gold pieces.

Inventory:

Hand Weapons
 a - a +0 flail (weapon)
Armour
 b - a +0 scale mail (worn)
 c - a +0 shield (worn)
 t - a +0 pair of gloves (worn)
 u - a cursed +0 helmet (worn)
Jewellery
 s - an uncursed ring of protection from magic {unknown}
Scrolls
 k - a scroll of recharging {unknown}
 l - 2 scrolls of immolation {unknown}
 m - 5 scrolls of identify {unknown}
 n - a scroll of fear {unknown}
 p - a scroll of amnesia {unknown}
 q - a scroll of enchant armour {unknown}
 r - 2 scrolls of remove curse {unknown}
 v - a scroll of magic mapping {unknown}
Potions
 d - a potion of might
 e - a potion of resistance {unknown}
 g - a potion of brilliance {unknown}
 o - a potion of curing {unknown}
Comestibles
 f - 2 bread rations
 h - a royal jelly
 i - a meat ration
 j - 2 beef jerkies


   Skills:
 + Level 4.4 Fighting
 + Level 3.8 Maces & Flails
 + Level 4.4 Armour
 + Level 4.7 Shields


You had 5 spell levels left.
You didn't know any spells.

Dungeon Overview and Level Annotations

Branches:
Dungeon (4/15)
 Temple: D:4-7

Altars:
Dithmenos
Gozag
Nemelex Xobeh
Trog
Vehumet


Innate Abilities, Weirdness & Mutations

You are resistant to torment.
Your stone body is resilient. (AC +4)
You are immune to poison.
You resist negative energy. (rN+)
You are resistant to electric shocks. (rElec)
You can survive without breathing.
You are immune to petrification.
You are immune to rotting.


Message History

You are too injured to fight recklessly!
You are too injured to fight recklessly!
The orc hits you but does no damage.
There is a stone staircase leading up here.
The ogre hits you with a giant club.
* * * LOW HITPOINT WARNING * * *
You climb upwards.
There is a stone staircase leading down here.
You take 3 damage, and have 10/39 hp.
Unknown command.
There is an open door here.
You barely miss the ogre.
The ogre is lightly wounded.
The ogre hits you with a giant club.
* * * LOW HITPOINT WARNING * * *
You take 5 damage, and have 7/39 hp.
You hit the ogre.
The ogre is moderately wounded.
The ogre hits you with a giant club!
You die...

# #.#.....'........####
###.#.....####.###.##.#
....>.....# #.# #.##.#
..........# #.# #.##.#
.##.......# #.# #.##.#
.##.......# #.# #.##.#
........### #.# #.##.#
.....#########.###.##.#
.##..# #.......O@.....#
.##..# #..............#
.##..###......####.####
.+.................#
.###.########.####.#
...............# #.#
..##.########.## #.#
#.##.#######..# #.#
#.####........# #.#


You could see an ogre.

Vanquished Creatures
  The ghost of tstbtto the Slasher, an amateur MiFi (D:3)
  A scorpion (D:4)
  3 gnolls (D:2)
  5 adders
  A worm (D:3)
  4 dart slugs
  5 giant cockroaches
  9 goblins
  5 hobgoblins
  A jackal (D:4)
  3 kobolds
  2 quokkas (D:3)
  A ball python (D:1)
  5 bats
  A giant newt (D:2)
  8 rats
55 creatures vanquished.

Notes
Turn   | Place    | Note
-------+----------+-------------------------------------------
     0 | D:1      | mistymad the Gargoyle Fighter began the quest for the Orb.
     0 | D:1      | Reached XP level 1. HP: 14/14 MP: 1/1
    57 | D:1      | Reached XP level 2. HP: 7/19 MP: 2/2
   607 | D:2      | Reached XP level 3. HP: 12/23 MP: 3/3
   760 | D:2      | Found a radiant altar of Vehumet.
   848 | D:2      | Reached XP level 4. HP: 16/29 MP: 4/4
  1000 | D:2      | Found a sparkling altar of Nemelex Xobeh.
  1001 | D:2      | Found an opulent altar of Gozag.
  1046 | D:2      | Found a shadowy altar of Dithmenos.
  1252 | D:3      | Noticed tstbtto's ghost (amateur MiFi)
  1270 | D:3      | Killed tstbtto's ghost
  1270 | D:3      | Reached XP level 5. HP: 24/34 MP: 5/5
  1682 | D:3      | Found a bloodstained altar of Trog.
  2081 | D:4      | Reached XP level 6. HP: 35/39 MP: 6/6
  2428 | D:3      | Mangled by an ogre

Vault maps used:
D:1:      dpeg_arrival_morbid_curiosity
D:2:      fiery_altar_vehumet, lemuel_crystal_altar,
          grunt_temple_overflow_opulence
D:3:      nicolae_overflow_crystal_walls, first_bread
D:4:      minmay_crossroads

Skill      XL: |  1  2  3  4 |
---------------+-------------+-----
Maces & Flails | 3 |  3.8
Fighting       | 4 |  4.4
Shields        | 4 |  4.7
Armour         | 4 |  4.4

Action                   |  1- 3 |  4- 6 || total
-------------------------+-------+-------++-------
Melee: Flail             |   125 |   121 ||   246
  Eat: Chunk             |       |     4 ||     4
Armor: Scale mail        |    85 |    50 ||   135
Dodge: Dodged            |    54 |    31 ||    85
Block: Shield            |    91 |    52 ||   143
